 Dungeon Crawl Stone Soup version 0.31.0-11-ge490571c62 (webtiles) character file.

Game seed: 18310464828327435373

433 qw the Shooter (level 6, 0/30 HPs)
             Began as a Spriggan Hunter on Feb 5, 2024.
             Slain by an orc
             ... wielding a +0 flail
              (10 damage)
             ... on level 4 of the Dungeon.
             The game lasted 00:01:25 (2850 turns).

qw the Shooter (Spriggan Hunter)                    Turns: 2850, Time: 00:01:26

Health: 0/30       AC:  2    Str:  7    XL:     6   Next: 67%
Magic:  7/7        EV: 21    Int: 11    God:
Gold:   261        SH:  0    Dex: 20    Spells: 5/5 levels left

rFire   . . .        a - +1 shortbow
rCold   . . .        (shield currently unavailable)
rNeg    . . .        h - +0 robe "Piecucy" {Fly rPois Will-}
rPois   +            (helmet restricted)
rElec   .            (no cloak)
rCorr   .            (gloves unavailable)
SInv    +            (boots unavailable)
Will    .....        (no amulet)
Stlth   ++           (no ring)
HPRegen 0.25/turn    (no ring)
MPRegen 0.10/turn

%: no passive effects
@: flying, very quick
A: very small, no large weapons, unfitting armour, see invisible, speed 3
a: no special abilities


You were on level 4 of the Dungeon.
You visited 2 branches of the dungeon, and saw 6 of its levels.

You collected 261 gold pieces.


Innate Abilities, Weirdness & Mutations

You are very small and have problems with some larger weapons.
You are too small for most types of armour.
You have supernaturally acute eyesight. (SInv)
You cover ground extremely quickly. (Speed+++)


   Skills:
 - Level 2.0 Fighting
 + Level 6.6 Ranged Weapons
 - Level 6.2 Dodging
 - Level 1.5 Stealth


You had 5 spell levels left.
You didn't know any spells.
Your spell library was empty.

Inventory:

Hand Weapons
 a - a +1 shortbow (weapon)
Armour
 h - the +0 robe "Piecucy" (worn) {Fly rPois Will-}
   (You found it on level 2 of the Dungeon)

   rPois:     It protects you from poison Will-: It decreases your willpower.
   Fly:       It grants you flight.
Jewellery
 k - a ring of poison resistance
Wands
 c - a wand of iceblast (3)
 d - a wand of flame (10)
 e - a wand of paralysis (5)
Scrolls
 j - a scroll of teleportation
Potions
 b - a potion of mutation
 f - a potion of might
 g - a potion of curing
 i - a potion of degeneration {unknown}
 l - a potion of cancellation {unknown}
 m - a potion of resistance {unknown}
 n - a potion of heal wounds {unknown}
 o - a potion of lignification {unknown}

Dungeon Overview and Level Annotations

Branches:
Dungeon (5/15)             Temple (1/1) D:4

Altars:
Ashenzari
Cheibriados
Dithmenos
Fedhas
Gozag
Kikubaaqudgha
Makhleb
Qazlal
Ru
Uskayaw
Vehumet
Xom
Yredelemnul
Zin

Shops:
D:1 !


Message History

An orc comes into view. It is wielding a +0 flail.
You hear a bark! x2
2838 ||| STAIRDANCE The orc hits you with a +0 dagger.
You fly upwards.
There is a stone staircase leading down here.
You shoot an arrow. The arrow hits the orc!
You kill the orc!
You fly downwards.
The orc completely misses you. The black bear completely misses you.
The black bear closely misses you. The black bear barely misses you.
There is a stone staircase leading up here.
2843 ||| STAIRDANCE The black bear bites you.
The black bear barely misses you. The black bear claws you.
The orc closely misses you.
You fly upwards.
There is a stone staircase leading down here.
You shoot an arrow. The arrow barely misses the black bear.
The orc closely misses you. The black bear closely misses you.
The black bear claws you. x2
You shoot an arrow. The arrow hits the black bear.
The black bear is lightly wounded.
The orc hits you with a +0 flail! The black bear misses you.
The black bear closely misses you. x2
You shoot an arrow. The arrow hits the black bear.
The black bear is moderately wounded.
The orc completely misses you. The black bear closely misses you.
The black bear misses you. x2
You shoot an arrow.
The arrow closely misses the black bear.
The orc barely misses you. The black bear misses you.
The black bear barely misses you. The black bear completely misses you.
You shoot an arrow. The arrow hits the black bear.
The black bear is heavily wounded.
The orc misses you. The black bear misses you.
The black bear completely misses you. The black bear barely misses you.
You shoot an arrow. The arrow hits the black bear.
The black bear is severely wounded.
The orc hits you with a +0 flail!
You die...

##.## #.# #### #..###
#.# ...# ##...## #.#
...# ##...## #.# ...#
#....# #.# ...# #....#
#.### ...# #....##
#...# ...#
#...)o##############.#
####
#...#@h...............
#...##################
#...# #...# #...#
#####


You could see a black bear and an orc.

Vanquished Creatures
  A phantom (D:4)
  A scorpion (D:4)
  2 iguanas (D:4)
  A sleepcap (D:4)
  Ijyb (D:4)
  4 gnolls (D:4)
  6 adders
  3 dart slugs
  A ribbon worm (D:2)
  8 orcs
  7 ball pythons
  8 bats
  6 endoplasms
  4 giant cockroaches
  7 goblins
  5 hobgoblins
  8 jackals
  5 kobolds
  7 quokkas
  11 frilled lizards
  4 rats
100 creatures vanquished.

Notes
Turn   | Place    | Note
-------+----------+-------------------------------------------
     0 | D:1      | qw the Spriggan Hunter began the quest for the Orb.
     0 | D:1      | Reached XP level 1. HP: 10/10 MP: 2/2
     0 | D:1      | 0 ||| qw: Version: 0.3-a-160-g6735b56
     0 | D:1      | 0 ||| qw: Game counter: 6566
     0 | D:1      | 0 ||| qw: Melee chars always use a shield: true
     0 | D:1      | 0 ||| qw: God list: Okawaru
     0 | D:1      | 0 ||| qw: Allow faded altars: false
     0 | D:1      | 0 ||| qw: Do Orc after clearing Dungeon:15 true
     0 | D:1      | 0 ||| qw: Do second Lair branch before Depths: true
     0 | D:1      | 0 ||| qw: Lair rune preference: random
     0 | D:1      | 0 ||| qw: Goals: Normal
     0 | D:1      | 0 ||| PLANNING D:1-11
    27 | D:1      | Found Zunafus's Distillery.
    37 | D:1      | 37 ||| SHOPLISTING potion of curing (30 gold, have 0).
    37 | D:1      | 37 ||| SHOPLISTING potion of enlightenment (50 gold, have
                  | 0).
    37 | D:1      | 37 ||| SHOPLISTING potion of heal wounds (50 gold, have 0).
    37 | D:1      | 37 ||| SHOPLISTING potion of might (40 gold, have 0).
    44 | D:1      | Reached skill level 3 in Dodging
   108 | D:1      | Reached XP level 2. HP: 14/14 MP: 3/3
   504 | D:1      | 504 ||| READING scroll labelled WUQONN NEYHI.
   504 | D:1      | 504 ||| ENCHANTING +0 shortbow.
   505 | D:1      | 505 ||| READING scroll labelled GETOCO WUDO.
   508 | D:1      | 508 ||| DROPPING scroll of butterflies.
   547 | D:2      | Reached XP level 3. HP: 18/18 MP: 4/4
   631 | D:2      | Identified the +0 robe "Piecucy" {Fly rPois Will-}
   682 | D:2      | Found a snail-covered altar of Cheibriados.
  1209 | D:2      | Reached XP level 4. HP: 22/22 MP: 5/5
  1236 | D:2      | 1236 ||| UPGRADING to +0 robe "Piecucy" {Fly rPois Will-}.
  1246 | D:2      | 1246 ||| DROPPING +0 robe.
  1247 | D:2      | 1247 ||| READING scroll labelled BARAIGR NEOGG.
  1291 | D:2      | 1291 ||| READING 2 scrolls labelled QACVOL ANUYSEU.
  1291 | D:2      | 1291 ||| IDENTIFYING lumpy blue potion
  1292 | D:2      | 1292 ||| READING scroll of identify.
  1292 | D:2      | 1292 ||| IDENTIFYING amethyst potion
  1293 | D:2      | 1293 ||| READING scroll labelled WES CEFFUAM.
  1293 | D:2      | 1293 ||| ENCHANTING +1 shortbow.
  1294 | D:2      | 1294 ||| DRINKING 2 fizzy green potions.
  1295 | D:2      | 1295 ||| DROPPING potion of ambrosia.
  1887 | D:3      | 1887 ||| READING scroll labelled TYORHIYXAU.
  1888 | D:3      | 1888 ||| READING scroll labelled RELU SAUHOTT.
  1936 | D:4      | Noticed a phantom
  1937 | D:4      | Reached XP level 5. HP: 26/26 MP: 6/6
  1941 | D:4      | 1941 ||| ZAPPING wand of flame (17) at 0,1 (phantom;
                  | floor).
  1942 | D:4      | 1942 ||| ZAPPING wand of flame (16) at 0,1 (phantom;
                  | floor).
  1943 | D:4      | 1943 ||| ZAPPING wand of flame (15) at 0,1 (phantom;
                  | floor).
  1944 | D:4      | 1944 ||| ZAPPING wand of flame (14) at 0,1 (phantom;
                  | floor).
  1945 | D:4      | 1945 ||| ZAPPING wand of flame (13) at 0,1 (phantom;
                  | floor).
  1946 | D:4      | 1946 ||| ZAPPING wand of flame (12) at 0,1 (phantom;
                  | floor).
  1947 | D:4      | 1947 ||| ZAPPING wand of flame (11) at 0,1 (phantom;
                  | floor).
  1947 | D:4      | Killed a phantom
  1950 | D:4      | Reached skill level 6 in Ranged Weapons
  1976 | D:4      | Noticed Ijyb
  1982 | D:4      | Paralysed by Ijyb for 4 turns
  1995 | D:4      | Killed Ijyb
  1996 | D:4      | Reached XP level 6. HP: 20/30 MP: 7/7
  1996 | D:4      | 1996 ||| FLEEEEING.
  1997 | D:4      | 1997 ||| FLEEEEING.
  1998 | D:4      | 1998 ||| FLEEEEING.
  1999 | D:4      | 1999 ||| FLEEEEING.
  2001 | D:4      | 2001 ||| FLEEEEING.
  2002 | D:4      | 2002 ||| FLEEEEING.
  2003 | D:4      | 2003 ||| FLEEEEING.
  2005 | D:4      | 2005 ||| FLEEEEING.
  2006 | D:4      | 2006 ||| FLEEEEING.
  2008 | D:4      | 2008 ||| FLEEEEING.
  2009 | D:4      | 2009 ||| FLEEEEING.
  2010 | D:4      | 2010 ||| FLEEEEING.
  2012 | D:4      | 2012 ||| FLEEEEING.
  2013 | D:4      | 2013 ||| FLEEEEING.
  2015 | D:4      | 2015 ||| FLEEEEING.
  2016 | D:4      | 2016 ||| FLEEEEING.
  2017 | D:4      | 2017 ||| FLEEEEING.
  2019 | D:4      | 2019 ||| FLEEEEING.
  2020 | D:4      | 2020 ||| FLEEEEING.
  2022 | D:4      | 2022 ||| FLEEEEING.
  2023 | D:4      | 2023 ||| FLEEEEING.
  2024 | D:4      | 2024 ||| FLEEEEING.
  2031 | D:4      | 2031 ||| FLEEEEING.
  2032 | D:4      | 2032 ||| FLEEEEING.
  2033 | D:4      | 2033 ||| FLEEEEING.
  2034 | D:4      | 2034 ||| FLEEEEING.
  2035 | D:4      | 2035 ||| FLEEEEING.
  2036 | D:4      | 2036 ||| FLEEEEING.
  2037 | D:4      | 2037 ||| FLEEEEING.
  2104 | D:4      | Reached skill level 6 in Dodging
  2194 | D:4      | Found an ancient bone altar of Kikubaaqudgha.
  2222 | D:4      | Found a staircase to the Ecumenical Temple.
  2223 | D:4      | 2223 ||| PLANNING TEMPLE
  2234 | Temple   | Entered the Ecumenical Temple
  2235 | Temple   | 2235 ||| PLANNING D:1-11
  2506 | D:4      | Identified the +4 scale mail of the Alphagorgon {MP+9
                  | Dex+5}
  2819 | D:4      | 2819 ||| READING scroll of identify.
  2819 | D:4      | 2819 ||| IDENTIFYING golden potion
  2820 | D:4      | 2820 ||| READING scroll labelled FIMIZI YCHUQOST.
  2836 | D:5      | Entered Level 5 of the Dungeon
  2838 | D:5      | 2838 ||| STAIRDANCE
  2843 | D:5      | 2843 ||| STAIRDANCE
  2850 | D:4      | Slain by an orc

Levels and vault maps discovered:
D:1:      dpeg_arrival_round_c, layout_rooms, serial_shops, shop,
          minmay_misc_feat_hallway
D:2:      layout_basic, basic_altar, kennysheep_generic_room_11
D:3:      layout_basic, patterned_corridor
D:4:      layout_basic, kiku_gazebo_pond_becter, temple_fountains,
          minmay_lizard_king, uniq_ijyb
D:5:      layout_layer_cave, serial_shops, nicolae_stop_n_shop_1, st_stairs_9
Temple:   hc_temple_tempest_star

Skill      XL: |  1  2  3  4  5  6 |
---------------+-------------------+-----
Dodging        | 3 4 5 6 |  6.2
Ranged Weapons | 5 6 |  6.6
Fighting       | 2 |  2.0
Stealth        | |  1.5

Action                     |  1- 3 |  4- 6 || total
---------------------------+-------+-------++-------
   Fire: Shortbow          |   108 |   201 ||   309
  Evoke: Wand              |       |     7 ||     7
    Use: Scroll            |     2 |     8 ||    10
         Potion            |       |     1 ||     1
 Armour: Robe              |     5 |    27 ||    32
  Dodge: Dodged            |    42 |   132 ||   174

Table legend:
 A = Non-vault XP
 B = Vault XP
 C = Vault XP percentage of total XP
 D = Non-vault monster count
 E = Vault monster count
 F = Vault count percentage of total count
                 A         B        C        D         E       F
            +---------+---------+-------+---------+---------+-------
      Total |     534 |      85 |  13.7 |      88 |      12 |  12.0
            +---------+---------+-------+---------+---------+-------
        D:1 |      38 |       0 |   0.0 |      21 |       0 |   0.0
        D:2 |      65 |       1 |   1.5 |      17 |       1 |   5.6
        D:3 |      87 |       0 |   0.0 |      27 |       0 |   0.0
        D:4 |     344 |      84 |  19.6 |      23 |      11 |  32.4
            +---------+---------+-------+---------+---------+-------
